AoeStats
← kable.xpress

Arabia

506564673Analyzed
1v1 RM · 19d ago on Sep 14, 2026· 39m 45s· 2 players
Game mode
Random Map
Map size
Tiny (2 player)
Population
200
Speed
Normal
Resources
Standard
Victory
Conquest
Starting age
Dark Age
Ending age
Imperial Age
RankedLock teamsTeams togetherTeam positionsShared explorationLock speedFull tech treeHidden civsTurbo modeCheats
Victory
Defeat
🇲🇽 Franks · Mexico
2081
+20
🇦🇷 Britons · Argentina
2179
-20
Ux'Chimtzin
6:39 Loom
8:52 Feudal Age
8:27 Loom
9:23 Double-Bit Axe
20:40 Castle Age
18:51 Gold Mining
20:38 Wheelbarrow
20:45 Forging
22:00 Bow Saw
22:01 Scale Barding Armor
23:17 Town Watch
25:25 Stone Mining
33:50 Imperial Age
31:46 Husbandry
32:25 Fletching
32:58 Chain Barding Armor
34:32 Hand Cart
34:53 Cavalier
36:31 Plate Barding Armor
38:14 Fletching
kable.xpress
6:13 Loom
8:26 Feudal Age
9:19 Double-Bit Axe
18:24 Gold Mining
20:45 Castle Age
19:27 Fletching
20:41 Horse Collar
21:24 Bodkin Arrow
20:49 Crossbowman
22:01 Bow Saw
21:23 Crossbowman
29:16 Wheelbarrow
33:39 Imperial Age
31:51 Gold Shaft Mining
32:13 Sanctity
32:56 Ballistics
32:41 Town Watch
33:11 Hand Cart
34:21 Bracer
35:27 Chemistry
33:56 Arbalester
35:51 Padded Archer Armor
Connection lost

Rejoining the realm…

Still unreachable

The connection could not be restored.

Session expired

The server has moved on; the page needs a fresh start.